 Dungeon Crawl Stone Soup version 0.28.0-47-ge53b351184 (webtiles) character file.

Game seed: 9913936878106361319

14 Iusername the Skirmisher (level 2, -2/24 HPs)
             Began as a Human Berserker on Apr 28, 2022.
             Was a Follower of Trog.
             Slain by a jackal (3 damage)
             ... on level 1 of the Dungeon.
             The game lasted 00:00:50 (827 turns).

Iusername the Skirmisher (Human Berserker)           Turns: 827, Time: 00:00:51

Health: -2/24      AC:  2    Str: 17    XL:     2   Next: 60%
Magic:  2/2        EV: 12    Int:  7    God:    Trog [*.....]
Gold:   50         SH:  0    Dex: 12    Spells: 1/1 levels left

rFire   . . .      SeeInvis .   a - +0 falchion
rCold   . . .      Faith    .   (no shield)
rNeg    . . .      Spirit   .   b - +0 animal skin
rPois   .          Reflect  .   (no helmet)
rElec   .          Harm     .   (no cloak)
rCorr   .          Rampage  .   (no gloves)
Will    .....                   (no boots)
Stlth   +.........              (no amulet)
HPRegen 0.08/turn               (no ring)
MPRegen 0.08/turn               (no ring)

@: no status effects
A: no striking features
a: Renounce Religion, Berserk


You were on level 1 of the Dungeon.
You worshipped Trog.
Trog was aware of your devotion.
You visited 1 branch of the dungeon, and saw 1 of its levels.

You collected 50 gold pieces.

Inventory:

Hand Weapons
 a - a +0 falchion (weapon)
Armour
 b - a +0 animal skin (worn)
Scrolls
 c - a scroll of teleportation {unknown}
 g - 2 scrolls of enchant armour {unknown}
 h - a scroll of immolation {unknown}
Potions
 d - a potion of lignification {unknown}
 e - a potion of heal wounds {unknown}
 f - a potion of curing {unknown}
 i - a potion of haste {unknown}


   Skills:
 + Level 3.2 Fighting
 + Level 3.2 Long Blades
 + Level 2.1 Armour
 + Level 2.2 Dodging


You had one spell level left.
You didn't know any spells.
Your spell library was empty.

Dungeon Overview and Level Annotations

Branches:
Dungeon (1/15)

Altars:


Message History

You are too injured to fight recklessly!
You are too injured to fight recklessly!
Unknown command.
You hit the jackal.
The jackal is almost dead.
The jackal bites the withered plant.
The jackal bites you. The jackal closely misses you. The jackal bites you.
The jackal bites the withered plant.
The jackal bites you but does no damage.
The jackal closely misses you.
You barely miss the jackal.
The jackal is almost dead.
The jackal bites you but does no damage.
The jackal bites the withered plant.
The jackal bites you.
* * * LOW HITPOINT WARNING * * *
The jackal closely misses you.
The jackal bites you but does no damage.
You hit the jackal but do no damage.
The jackal is almost dead.
The jackal bites the withered plant.
The jackal barely misses you. The jackal bites you.
* * * LOW HITPOINT WARNING * * *
The jackal barely misses you.
The jackal bites the withered plant.
The jackal misses you.
The jackal bites you but does no damage.
The jackal bites you.
* * * LOW HITPOINT WARNING * * *
You closely miss the jackal.
The jackal is almost dead.
The withered plant crumbles away.
The jackal completely misses you. The jackal misses you. The jackal bites you.
* * * LOW HITPOINT WARNING * * *
You closely miss the jackal.
The jackal is almost dead.
The jackal bites you but does no damage.
The jackal barely misses you. The jackal bites you.
* * * LOW HITPOINT WARNING * * *
The jackal closely misses you. The jackal barely misses you.
The jackal bites you.
You die...

..#..........###P## #.#
.............# #_# #####.######
#.#..........###P###..........#
..#.#+#+##.#.##PPP####..#####.#
..#.# #...#.PP.P# #..#.#.#.#
..#.# ##..#PPP.P# #..#.....#
..#.# #..#..h..# #..#.#|#.#
#.#.# #..#Phhh.# #..#####.#
#.... #..###@### #........#
############.......# #........#
≈≈≈≈≈≈≈≈≈≈≈#.####..# ##########
≈≈≈≈≈≈≈≈≈≈≈#.# #†.#
≈≈≈≈≈≈≈≈≈≈≈#.# #..#
≈≈≈≈≈≈≈≈≈≈≈#.# #..#
≈≈≈...≈≈≈≈≈#.# #..#
≈≈..<..≈≈≈≈#.# #..#
≈≈≈...≈≈≈≈≈#.. ...#


You could see 4 jackals.

Vanquished Creatures
  2 dart slugs (D:1)
  A goblin (D:1)
  A hobgoblin (D:1)
  2 ball pythons (D:1)
  4 bats (D:1)
  2 rats (D:1)
12 creatures vanquished.

Vanquished Creatures (others)
  2 plants (D:1)
  2 withered plants (D:1)
4 creatures vanquished.

Grand Total: 16 creatures vanquished

Notes
Turn   | Place    | Note
-------+----------+-------------------------------------------
     0 | D:1      | Iusername the Human Berserker began the quest for the Orb.
     0 | D:1      | Reached XP level 1. HP: 18/18 MP: 1/1
   138 | D:1      | Reached XP level 2. HP: 24/24 MP: 2/2
   770 | D:1      | Found a faded altar of an unknown god.
   827 | D:1      | HP: 1/24 [jackal (1)]
   827 | D:1      | Slain by a jackal

Illustrated notes

Levels and vault maps discovered:
D:1:      zaba_arrival_water, layout_basic,
          shapermc_ecumenical_altar_flowoftime, minmay_split_cup_small

Action                   || total
-------------------------++-------
Melee: Falchion          ||    41
 Stab: Sleeping          ||     1
Armor: Animal skin       ||    18
Dodge: Dodged            ||    43
